 Dungeon Crawl Stone Soup version 0.20.1-1-g8b1a95d (webtiles) character file.

331 Gukra the Insei (level 6, -2/30 HPs)
             Began as a Vine Stalker Transmuter on July 24, 2017.
             Slain by a big kobold
             ... wielding the +6 Maxwell's thermic engine {flame, freeze, rF- rC-}
              (4 damage)
             ... in a sewer.
             The game lasted 00:15:47 (3039 turns).

Gukra the Insei (Vine Stalker Transmuter)           Turns: 3039, Time: 00:15:48

Health: -2/30      AC:  2    Str: 12    XL:     6   Next: 52%
Magic:  0/10       EV: 19    Int: 20    God:
Gold:   192        SH:  0    Dex: 20    Spells: 3/9 levels left

rFire    . . .     SeeInvis .     - Unarmed
rCold    . . .     Gourm    .   (shield currently unavailable)
rNeg     . . .     Faith    .   (armour currently unavailable)
rPois    x         Spirit   +   (helmet currently unavailable)
rElec    .         Reflect  .   (cloak currently unavailable)
rCorr    .         Harm     .   (gloves currently unavailable)
MR       .....                  (boots currently unavailable)
Stlth    ++........             (no amulet)
Regen    0.5/turn               h - +5 ring of intelligence
MPRegen  0.2/turn               (no ring)

@: lethally poisoned (-2 -> -3), spider-form (expiring)
A: regeneration 1, magic shield, no potion heal 3, rot immunity
a: End Transformation


You were in a sewer.
You were not hungry.
You were a venomous arachnid creature.
You visited 1 branch of the dungeon, and saw 4 of its levels.
You also visited: Sewer.

You collected 192 gold pieces.

Inventory:

Hand Weapons
 w - a +0 whip of electrocution
Missiles
 a - 9 arrows
 m - a throwing net (quivered)
Armour
 b - a +0 robe
 i - a +1 leather armour of cold resistance (melded)
 t - a +1 pair of boots of flying (melded)
Jewellery
 h - a +5 ring of intelligence (left front leg)
Scrolls
 e - a scroll of remove curse
 f - a scroll of amnesia {unknown}
 g - 2 scrolls of identify
 k - a scroll of recharging {unknown}
 l - a scroll of enchant armour {unknown}
 n - 2 scrolls of immolation {unknown}
 p - a scroll of teleportation {unknown}
Potions
 j - a potion of resistance {unknown}
 q - a potion of curing {unknown}
 r - a potion of lignification {unknown}
 u - a potion of degeneration {unknown}
 v - a potion of flight {unknown}
Books
 c - a book of Changes

   Spells                             Type                      Level
   a - Beastly Appendage              Transmutation                1
   b - Sticks to Snakes               Transmutation                2
   c - Spider Form                    Transmutation/Poison         3
   d - Ice Form                       Ice/Transmutation            4
   e - Blade Hands                    Transmutation                5
Comestibles
 d - 2 bread rations
 o - 2 royal jellies
 s - a chunk of flesh
 x - 2 fruits


   Skills:
 + Level 1.1 Fighting
 + Level 1.1 Armour
 - Level 1.5 Dodging
 * Level 6.6 Unarmed Combat
 - Level 2.3 Spellcasting
 - Level 2.2 Transmutations
 + Level 0.6 Poison Magic


You had 3 spell levels left.
You knew the following spells:

 Your Spells              Type           Power        Failure   Level  Hunger
a - Beastly Appendage     Tmut           ##....       17%         1    #......
b - Sticks to Snakes      Tmut           ##......     24%         2    ##.....
c - Spider Form           Tmut/Pois      #.........   47%         3    ###....


Dungeon Overview and Level Annotations

Branches:
Dungeon (4/15)
 Temple: D:4-7

Altars:
Elyvilon
Kikubaaqudgha
Zin

Annotations:
D:3 Scientific's ghost, amateur TrMo


Innate Abilities, Weirdness & Mutations

((You have extremely sharp teeth.))
Your natural rate of healing is unusually fast.
When hurt, damage is shared between your health and your magic reserves.
((Your bite disrupts and absorbs the magic of your enemies.))
Potions cannot restore your health.
You are immune to rotting.


Message History

You hit the big kobold.
The big kobold is heavily wounded.
You feel sick.
You hit the big kobold.
The big kobold looks as sick as possible!
The big kobold is severely wounded.
You feel sick. The big kobold barely misses you.
You closely miss the big kobold.
The big kobold is severely wounded.
Your transformation is almost over.
The kobold misses you.
You bite the kobold!
You kill the kobold!
You feel sick.
The big kobold hits you with the +4 Maxwell's thermic engine {flame, freeze, rF- rC-}!
* * * LOW HITPOINT WARNING * * *
The big kobold burns you.
* * * LOW HITPOINT WARNING * * *
The big kobold freezes you.
You die...

≈≈≈≈≈≈≈≈≈≈≈≈.#.≈≈#
≈≈≈≈≈≈≈≈≈≈≈≈.#..≈#
≈≈≈≈≈≈≈≈≈≈≈≈.#.≈≈#
≈≈≈≈≈≈≈≈≈≈≈..#.≈≈# #+++#
≈≈≈≈≈≈≈≈≈≈...#.≈≈###...##
≈##≈##≈###.####.###..§..##
.........≈.≈≈#(..#†....§.+
≈≈≈≈≈≈≈≈≈.≈≈≈≈≈)K))§._...+
..(......≈.≈≈#≈(s#.....§.+
#≈#≈≈###≈#.####.###..§..##
≈≈≈≈≈≈≈≈≈≈...#..≈###.K.##
≈≈≈≈≈≈≈≈≈≈≈..#..≈# #KK'#
≈≈≈≈≈≈≈≈≈≈≈≈.#..≈##.....#
≈≈≈≈≈≈≈≈≈≈≈≈.#..≈##.≈≈≈.#
≈≈≈≈≈≈≈≈≈≈≈≈.#.≈≈##.....#
≈≈≈≈≈≈≈≈≈≈ +.≈≈###...##
######### #!)!#


You could see a big kobold.

Vanquished Creatures
  A big kobold (Sewer)
  A scorpion (D:4)
  An orc priest (D:3)
  A big kobold zombie (Sewer)
  3 gnolls (D:3)
  2 adders (D:2)
  A shadow imp (Sewer)
  2 ufetubi (Sewer)
  An ooze (Sewer)
  A worm (D:2)
  A dart slug (D:2)
  5 leopard geckos
  9 orcs (D:3)
  6 giant cockroaches
  6 goblins
  6 hobgoblins
  4 jackals (D:3)
  20 kobolds
  2 quokkas
  A ball python (D:2)
  9 bats
  3 frilled lizards
  3 rats
89 creatures vanquished.

Vanquished Creatures (others)
  An adder zombie (Sewer)
  A bat zombie (Sewer)
2 creatures vanquished.

Grand Total: 91 creatures vanquished

Notes
Turn   | Place    | Note
-------+----------+-------------------------------------------
     0 | D:1      | Gukra the Vine Stalker Transmuter began the quest for the Orb.
     0 | D:1      | Reached XP level 1. HP: 9/9 MP: 4/4
   150 | D:1      | Reached XP level 2. HP: 11/14 MP: 6/6
   390 | D:1      | Learned a level 2 spell: Sticks to Snakes
  1193 | D:2      | Reached XP level 3. HP: 13/17 MP: 7/7
  1218 | D:2      | Learned a level 3 spell: Spider Form
  1226 | D:2      | Found an ancient bone altar of Kikubaaqudgha.
  1492 | D:2      | Found a white marble altar of Elyvilon.
  1552 | D:2      | Reached skill level 4 in Unarmed Combat
  1637 | D:2      | Found a glowing silver altar of Zin.
  1637 | D:2      | Noticed an angel
  2034 | D:2      | Gained mutation: Your natural rate of healing is unusually fast. [Vine Stalker growth]
  2034 | D:2      | Reached XP level 4. HP: 15/21 MP: 2/8
  2233 | D:3      | Noticed Scientific's ghost (amateur TrMo)
  2357 | D:3      | Reached skill level 1 in Fighting
  2362 | D:3      | Reached skill level 5 in Unarmed Combat
  2447 | D:3      | Reached XP level 5. HP: 25/25 MP: 9/9
  2622 | D:3      | Found a faded altar of an unknown god.
  2655 | D:3      | HP: 1/25 [orc (3)]
  2734 | D:4      | Reached skill level 1 in Armour
  2762 | D:4      | Found a glowing drain.
  2783 | Sewer    | Entered a sewer
  2921 | Sewer    | Reached skill level 6 in Unarmed Combat
  2939 | Sewer    | Reached XP level 6. HP: 30/30 MP: 6/10
  2996 | Sewer    | Found a burning altar of Makhleb.
  3039 | Sewer    | Slain by a big kobold

Skill      XL: |  1  2  3  4  5 |
---------------+----------------+-----
Unarmed Combat | 4 5 6 |  6.6
Fighting       | 1 |  1.1
Armour         | 1 |  1.1
Dodging        | |  1.5
Spellcasting   | |  2.3
Transmutations | |  2.2
Poison Magic   | |  0.6

Action                   |  1- 3 |  4- 6 || total
-------------------------+-------+-------++-------
Melee: Unarmed           |    99 |   164 ||   263
       Bite              |    12 |    19 ||    31
       Kick              |     6 |     1 ||     7
       Headbutt          |     2 |     4 ||     6
       Punch             |     1 |     3 ||     4
 Cast: Beastly Appendage |    20 |    10 ||    30
       Sticks to Snakes  |     1 |     2 ||     3
       Spider Form       |     3 |    10 ||    13
  Use: Scroll            |       |     2 ||     2
  Eat: Chunk             |     4 |     5 ||     9
Armor: Robe              |    11 |       ||    11
       Leather armour    |    22 |    25 ||    47
       Skin              |       |     4 ||     4
Dodge: Dodged            |    71 |   110 ||   181
